 Dungeon Sprint DCSS version 0.17.2-1-ge4368a0 (webtiles) character file.

121 mopl the Covert (level 4, -1/22 HPs)
             Began as a Spriggan Assassin on Aug 22, 2016.
             Slain by a human
             ... wielding a +0 dagger
              (5 damage)
             ... in the Dungeon (Sprint III: "The Ten Rune Challenge").
             The game lasted 00:01:26 (332 turns).

mopl the Covert (Spriggan Assassin)                  Turns: 332, Time: 00:01:26

Health: -1/22      AC:  3    Str:  7    XL:     4   Next: 76%
Magic:  5/5        EV: 17    Int: 12    God:
Gold:   25         SH:  0    Dex: 18    Spells: 0 memorised, 3 levels left

rFire  . . .     SeeInvis +     a - +2 dagger
rCold  . . .     Clarity  .     c - +0 robe
rNeg   . . .     SustAt   .     (shield restricted)
rPois  .         Gourm    .     (helmet restricted)
rElec  .         Spirit   .     d - +0 cloak
rCorr  .         Warding  .     (gloves unavailable)
rMut   .         NoTele   +     (boots unavailable)
MR     .....                    (no amulet)
Stlth  +++++.....               (no ring)
                                (no ring)

@: very quick, not resistant to hostile enchantments, quite stealthy
A: unfitting armour, see invisible, herbivore 3, speed 3, slow metabolism 2
a: no special abilities


You were in the Dungeon.
You were not hungry.

You visited 1 branch You collected 25 gold pieces.

Inventory:

Hand Weapons
 a - a +2 dagger (weapon)
 b - a +0 blowgun
Missiles
 e - 8 poisoned needles
Armour
 c - a +0 robe (worn)
 d - a +0 cloak (worn)
Scrolls
 m - a scroll of blinking
 n - a scroll of fear {unknown}
 q - a scroll of holy word {unknown}
 r - 2 scrolls of identify
 s - a scroll of enchant armour {unknown}
 w - a scroll of torment {unknown}
 x - a scroll of enchant weapon {unknown}
 y - a scroll of remove curse {unknown}
Potions
 h - a potion of curing
 i - a potion of heal wounds
 j - a potion of haste
 k - 2 potions of magic
 u - a potion of cure mutation {!q}
 v - 3 potions of flight
Comestibles
 g - a bread ration
 o - 3 fruits
 t - a royal jelly


   Skills:
 - Level 1.5 Fighting
 - Level 2.1 Short Blades
 * Level 8.0 Throwing
 - Level 1.5 Dodging
 + Level 10.2 Stealth


You had 3 spell levels left.
You didn't know any spells.

Dungeon Overview and Level Annotations

Branches:
Dungeon (1/1)

Altars:
Okawaru
Trog


Innate Abilities, Weirdness & Mutations

You are tiny and cannot use many weapons and most armour.
You have supernaturally acute eyesight.
You are a herbivore.
You cover ground extremely quickly.
You need consume almost no food.


Message History

You are too injured to fight recklessly!
You are too injured to fight recklessly!
You are too injured to fight recklessly!
You hit the human but do no damage.
The human is severely wounded.
You hit the human.
The human is severely wounded.
The human hits you with a dagger.
* * * LOW HITPOINT WARNING * * *
You hit the human.
The human is almost dead.
You miss the human.
The human is almost dead.
The human looks more healthy.
The human barely misses you.
You barely miss the human.
The human is almost dead.
You closely miss the human.
The human is almost dead.
The human hits you with a dagger.
You die...

▓..##.......#%.#..# #...#
▓##.##.##..[#..#..###+#'###+
##.##.###..##'#.(#.........
▓#.####.##..###...'.⌠.......
▓.###..##..####...#...######
▓#.....##..###....#.⌠.#
###..##...##.....#...#
##..##....#p.....#+###
#..###..##@#.....# #..#
#..#####....# ▓▓▓▓ ▓▓▓▓
▓▓▓▓▓▓


You could see a human.

Vanquished Creatures
  A water elemental (D)
  Jessica (D)
  A human (D)
  2 oozes (D)
  A phantom (D)
6 creatures vanquished.

Vanquished Creatures (others)
  2 draconian scorchers (D)
  2 plants (D)
4 creatures vanquished.

Grand Total: 10 creatures vanquished

Notes
Turn   | Place    | Note
--------------------------------------------------------------
     0 | D        | mopl the Spriggan Assassin began the quest for the Orb.
     0 | D        | Reached XP level 1. HP: 10/10 MP: 2/2
     9 | D        | Reached skill level 3 in Throwing
     9 | D        | Reached skill level 6 in Stealth
    11 | D        | Reached skill level 4 in Throwing
    11 | D        | Reached skill level 7 in Stealth
    11 | D        | Reached XP level 2. HP: 14/14 MP: 3/3
    24 | D        | Noticed Jessica
    28 | D        | Killed Jessica
    28 | D        | Reached skill level 5 in Throwing
    28 | D        | Reached skill level 8 in Stealth
    28 | D        | Reached XP level 3. HP: 18/18 MP: 4/4
    71 | D        | Reached skill level 6 in Throwing
    91 | D        | Gained mutation: Your muscles are strong. (Str +2) [potion of mutation]
    91 | D        | Lost mutation: Your muscles are strong. (Str +2) [potion of mutation]
    92 | D        | Gained mutation: You possess an exceptional clarity of mind. [potion of mutation]
    92 | D        | Gained mutation: Armour fits poorly on your strangely shaped body. [potion of mutation]
    92 | D        | Gained mutation: You occasionally shout uncontrollably at your foes. [potion of mutation]
    93 | D        | Gained mutation: Your system is resistant to poisons. [potion of mutation]
    93 | D        | Gained mutation: You are agile. (Dex +2) [potion of mutation]
    93 | D        | Gained mutation: Your magical capacity is low (-10% MP). [potion of mutation]
    94 | D        | Lost mutation: Armour fits poorly on your strangely shaped body. [potion of cure mutation]
    94 | D        | Lost mutation: Your system is resistant to poisons. [potion of cure mutation]
    94 | D        | Lost mutation: You are agile. (Dex +2) [potion of cure mutation]
    95 | D        | Lost mutation: You occasionally shout uncontrollably at your foes. [potion of cure mutation]
    95 | D        | Lost mutation: You possess an exceptional clarity of mind. [potion of cure mutation]
    95 | D        | Lost mutation: Your magical capacity is low (-10% MP). [potion of cure mutation]
   111 | D        | Noticed a water elemental
   129 | D        | Killed a water elemental
   129 | D        | Reached skill level 8 in Throwing
   129 | D        | Reached skill level 10 in Stealth
   129 | D        | Reached XP level 4. HP: 14/22 MP: 5/5
   185 | D        | Killed a white draconian scorcher
   197 | D        | Killed a white draconian scorcher
   296 | D        | Found an iron altar of Okawaru.
   297 | D        | Found a bloodstained altar of Trog.
   297 | D        | Noticed a human
   297 | D        | Noticed a human
   332 | D        | Slain by a human

Action                   |  1- 3 |  4- 6 || total
-------------------------+-------+-------++-------
Melee: Dagger            |    17 |    16 ||    33
 Fire: Blowgun           |     5 |     2 ||     7
  Use: Potion            |     6 |       ||     6
 Stab: Sleeping          |     4 |       ||     4
